 Dungeon Crawl Stone Soup version 0.22-a0-422-g9628fc8 (webtiles) character file.

217 Borgoz the Skirmisher (level 5, -4/33 HPs)
             Began as a Gargoyle Abyssal Knight on May 16, 2018.
             Was a Priest of Lugonu.
             Killed by divine providence
             ... invoked by an orc priest
              (13 damage)
             ... on level 4 of the Dungeon.
             The game lasted 00:09:24 (3035 turns).

Borgoz the Skirmisher (Gargoyle Abyssal Knight)     Turns: 3035, Time: 00:09:25

Health: -4/33      AC: 10    Str: 16    XL:     5   Next: 94%
Magic:  7/7        EV: 12    Int: 12    God:    Lugonu [***...]
Gold:   235        SH:  0    Dex: 10    Spells: 4/4 levels left

rFire    + + .     SeeInvis .   a - +1 hand axe
rCold    . . .     Gourm    .   (no shield)
rNeg     + . .     Faith    .   b - +0 leather armour
rPois    ∞         Spirit   .   o - +2 helmet
rElec    +         Reflect  .   e - scarf {rC+ rF+}
rCorr    .         Harm     .   (no gloves)
MR       .....                  (no boots)
Stlth    +.........             (no amulet)
HPRegen  0.11/turn              l - ring of fire
MPRegen  0.10/turn              (no ring)

@: no status effects
A: negative energy resistance 1, electricity resistance, unbreathing,
petrification resistance, rot immunity, AC +4
a: Depart the Abyss, Bend Space, Banish, Renounce Religion


You were on level 4 of the Dungeon.
You worshipped Lugonu.
Lugonu was most pleased with you.
You were hungry.

You visited 1 branch of the dungeon, and saw 4 of its levels.
You visited the Abyss 1 time.

You collected 235 gold pieces.

Inventory:

Hand Weapons
 a - a +1 hand axe (weapon)
Armour
 b - a +0 leather armour (worn)
 e - a scarf of resistance (worn)
 o - a +2 helmet (worn)
Jewellery
 l - a ring of fire (left hand)
Scrolls
 d - a scroll of immolation {unknown}
 f - 4 scrolls of identify {unknown}
 h - 2 scrolls of remove curse {unknown}
 k - 2 scrolls of teleportation {unknown}
 m - 2 scrolls of enchant armour {unknown}
 q - a scroll of amnesia {unknown}
 s - a scroll of enchant weapon {unknown}
Potions
 g - a potion of might {unknown}
 i - a potion of agility {unknown}
 j - a potion of magic {unknown}
 n - 4 potions of curing {unknown}
 p - a potion of berserk rage {unknown}
 r - a potion of heal wounds
 t - a potion of brilliance {unknown}
 u - a potion of lignification {unknown}
Comestibles
 c - 6 rations


   Skills:
 + Level 4.0 Fighting
 * Level 3.2 Axes
 + Level 3.1 Armour
 * Level 2.4 Dodging
 + Level 3.1 Invocations


You had 4 spell levels left.
You didn't know any spells.
Your spell library was empty.

Dungeon Overview and Level Annotations

Branches:
Dungeon (4/15)
 Temple: D:4-7

Altars:

Annotations:
D:4 Eustachio


Innate Abilities, Weirdness & Mutations

You are resistant to torment.
Your stone body is resilient. (AC +4)
You are immune to poison.
You resist negative energy. (rN+)
You are resistant to electric shocks. (rElec)
You can survive without breathing.
You are immune to petrification.
You are immune to rotting.


Message History

The orc priest is heavily wounded.
You hit the phantom but do no damage.
You are feeling hungry.
The phantom hits you but does no damage.
The orc priest closely misses you.
You closely miss the orc priest.
The orc priest is heavily wounded.
You hit the phantom. The phantom misses you.
The orc priest looks encouraged for a moment.
You barely miss the orc priest.
The orc priest is heavily wounded.
You hit the phantom. The phantom hits you.
* * * LOW HITPOINT WARNING * * *
The orc priest hits you but does no damage.
You hit the orc priest.
The orc priest is almost dead.
You closely miss the phantom. The phantom barely misses you.
The orc priest mumbles some strange prayers to Beogh against you.
Beogh smites you!
You die...

####.#.#.### #..
............ ..#
#.........### #.#
#...........† #.#
#..........#. #.#
#..........#. #.#
#..........#. #o#
#..........## #@#
#........#'## #W#
#........#.)# #.#
####..#(.#..#
#[########.#..####
#...............#
######....###.#...#
...................#
#######....####.#..#
#....# #....#


You could see a phantom and an orc priest.

Vanquished Creatures
  A howler monkey (D:4)
  An orc wizard (D:4)
  Robin (D:2)
  3 adders
  2 oozes
  3 worms (D:2)
  4 leopard geckos
  5 orcs
  A ball python (D:2)
  8 bats
  3 giant cockroaches
  10 hobgoblins
  13 kobolds
  A quokka (D:3)
  7 frilled lizards
  15 goblins
  7 rats
  6 fungi (D:3)
91 creatures vanquished.

Notes
Turn   | Place    | Note
-------+----------+-------------------------------------------
     0 | Abyss:1  | Borgoz the Gargoyle Abyssal Knight began the quest for the Orb.
     0 | Abyss:1  | Reached XP level 1. HP: 14/14 MP: 2/2
     2 | Abyss:1  | Found a corrupted altar of Lugonu.
    58 | Abyss:1  | Noticed a daeva
    59 | D:1      | Escaped the Abyss
   118 | D:1      | Reached skill level 1 in Dodging
   124 | D:1      | Reached XP level 2. HP: 16/19 MP: 3/3
   257 | D:1      | Reached * piety under Lugonu
   551 | D:1      | Reached XP level 3. HP: 18/23 MP: 4/4
  1260 | D:2      | Reached XP level 4. HP: 26/28 MP: 5/5
  1753 | D:2      | Reached ** piety under Lugonu
  1915 | D:2      | Noticed Robin
  1932 | D:2      | Killed Robin
  2293 | D:3      | Reached XP level 5. HP: 33/33 MP: 7/7
  2975 | D:4      | Noticed Eustachio
  2997 | D:4      | Noticed a phantom
  3017 | D:4      | Reached skill level 4 in Fighting
  3026 | D:4      | Reached *** piety under Lugonu
  3035 | D:4      | Killed from afar by an orc priest

Vault maps used:
D:1:      nzn_arrival_water_spiral, hangedman_abyss_or_decor_lesser_grid
D:2:      serial_bayou_crossing, uniq_robin
D:3:      first_ration, minmay_gold_behind_fungi
D:4:      supply_closet_lemuel, uniq_eustachio, uniq_crazy_yiuf_cottage
Abyss:1:  bh_abyss_xom_lugonu_altar

Skill      XL: |  1  2  3  4  5 |
---------------+----------------+-----
Dodging        | 1 2 |  2.4
Axes           | 2 3 |  3.2
Armour         | 3 |  3.1
Invocations    | 3 |  3.1
Fighting       | 4 |  4.0

Action                   |  1- 3 |  4- 6 || total
-------------------------+-------+-------++-------
Melee: Hand axe          |   120 |   249 ||   369
Invok: Depart the Abyss  |     1 |       ||     1
  Use: Potion            |       |     1 ||     1
 Stab: Sleeping          |       |     1 ||     1
  Eat: Chunk             |     1 |     6 ||     7
Armor: Leather armour    |    65 |    69 ||   134
Dodge: Dodged            |   103 |    97 ||   200

Table legend:
 A = Spawn XP
 B = Non-spawn XP
 C = Spawn XP percentage of total XP
 D = Spawn monster count
 E = Non-spawn monster count
 F = Spawn count percentage of total count
 G = Total turns spent on level
                    A         B        C        D         E        F      G
               +---------+---------+-------+---------+---------+-------+---------
         Total |       0 |     311 |   0.0 |       0 |      85 |   0.0 |  3035
               +---------+---------+-------+---------+---------+-------+---------
           D:1 |       0 |      36 |   0.0 |       0 |      18 |   0.0 |   835
           D:2 |       0 |     123 |   0.0 |       0 |      41 |   0.0 |  1380
           D:3 |       0 |      54 |   0.0 |       0 |      22 |   0.0 |   657
           D:4 |       0 |      98 |   0.0 |       0 |       4 |   0.0 |   104
               +---------+---------+-------+---------+---------+-------+---------
